Map: Cyber Forest LE

Players

playezvibe - Winner!

  • Race: Protoss Protoss
  • League: Bronze
  • Spawn Location: 5:00

juicetin

  • Race: Protoss Protoss
  • Spawn Location: 11:00

VOD

Have the link to the VOD?

Description

Time

  • Played on: June 27, 2019, 6:28 p.m.
  • Length: 11:57
Show
View Real Time Build Order
Export as new Build Order

playezvibe Protoss - Winner!

Build Orders:  

Get SALT Encoding   

  12  0:11  Pylon  
  12  0:16  Probe  
  13  0:28  Probe  
  14  0:40  Gateway  
  14  0:45  Probe  
  14  0:47  Assimilator  
  15  0:53  Probe  
  15  1:01  Probe  
  17  1:13  Probe  
  18  1:25  Probe  
  19  1:29  Cybernetics Core  
  19  1:31  Zealot  
  21  1:37  Probe  
  22  1:40  Pylon  
  22  1:58  Probe  
  22  2:01  Assimilator  
  23  2:06  Probe  
  23  2:15  Probe  
  24  2:18  Adept  
  27  2:26  Nexus  
  27  2:29  Warp Gate  
  27  2:47  Robotics Facility  
  27  2:56  Pylon  
  27  3:00  Probe  
  28  3:12  Stalker  
  30  3:26  Forge  
  30  3:29  Stargate  
  30  3:33  Twilight Council  
  30  3:38  Probe  
  31  3:46  Probe  
  33  3:48  Stalker  
  31  3:55  Probe  
  35  4:07  Probe  
  36  4:19  Immortal, Probe  
  41  4:32  Robotics Bay  
  37  4:49  Photon Cannon  
  37  5:08  Probe  
  37  5:09  Disruptor  
  38  5:16  Probe  
  42  5:25  Probe  
  43  5:37  Probe  
  44  5:44  Dark Shrine  
  44  5:45  Disruptor  
  48  5:50  Probe  
  48  5:57  Pylon  
  48  6:02  Probe  
  48  6:04  Assimilator  
  49  6:06  Assimilator  
  49  6:14  Probe  
  50  6:21  Colossus  
  50  6:25  Gateway  
  56  6:26  Probe  
  56  6:31  Gateway  
  57  6:33  Gateway  
  57  6:36  Gateway  
  57  6:39  Gateway  
  57  6:46  Pylon  
  57  6:49  Pylon  
  57  6:54  Zealot  
  57  7:00  Extended Thermal Lance  
  59  7:18  Colossus  
  65  7:32  Probe  
  66  7:40  Probe  
  66  7:49  Probe  
  67  7:58  Dark Templar x2  
  70  8:01  Probe  
  70  8:02  Dark Templar  
  75  8:09  Zealot  
  77  8:13  Probe  
  77  8:19  Charge  
  78  8:20  Pylon  
  78  8:24  Pylon  
  78  8:30  Pylon  
  78  8:41  Dark Templar  
  77  8:42  Dark Templar  
  67  8:53  Dark Templar  
  61  9:08  Zealot  
  61  9:09  Zealot x2  
  67  9:20  Dark Templar  
  67  9:22  Dark Templar  
  33  11:00  Dark Templar x2  
  37  11:44  Dark Templar  
Show
View Real Time Build Order
Export as new Build Order

juicetin Protoss 

Build Orders:  

Get SALT Encoding   

  12  0:02  Probe  
  13  0:13  Pylon  
  13  0:19  Probe  
  14  0:27  Probe  
  15  0:35  Probe  
  15  0:41  Gateway  
  16  0:47  Probe  
  17  0:59  Probe  
  17  1:00  Assimilator  
  18  1:09  Pylon  
  18  1:11  Probe  
  19  1:23  Probe  
  20  1:28  Cybernetics Core  
  20  1:34  Assimilator  
  20  1:39  Probe  
  21  1:45  Pylon  
  21  1:51  Probe  
  22  1:56  Gateway  
  22  1:58  Warp Gate  
  22  2:03  Probe  
  22  2:05  Stalker  
  25  2:24  Pylon  
  25  2:28  Gateway  
  25  2:29  Stalker  
  25  2:36  Probe  
  28  2:48  Probe  
  29  2:57  Pylon  
  29  2:59  Stalker  
  29  3:03  Probe  
  32  3:14  Stalker  
  32  3:15  Probe  
  35  3:27  Gateway  
  35  3:36  Forge  
  35  3:45  Probe  
  36  3:51  Sentry  
  38  3:57  Probe  
  39  4:09  Probe  
  40  4:10  Gateway  
  40  4:15  Stalker  
  42  4:31  Zealot  
  42  4:32  Zealot  
  46  4:45  Pylon  
  42  5:10  Nexus  
  42  5:12  Robotics Facility  
  42  5:15  Stalker  
  44  5:34  Zealot x2  
  44  5:35  Zealot x2  
  52  5:49  Gateway  
  52  5:54  Protoss Ground Weapons Level 1  
  52  6:12  Twilight Council  
  52  6:35  Probe x2  
  52  6:39  Assimilator  
  54  6:41  Assimilator  
  54  6:45  Blink, Zealot x3  
  54  6:46  Stalker x2  
  64  6:47  Probe  
  64  6:48  Warp Prism  
  65  6:55  Pylon  
  65  6:58  Probe  
  68  7:14  Zealot x2  
  72  7:21  Observer  
  72  7:28  Probe x2  
  75  7:40  Probe x2  
  77  7:45  Gateway  
  77  7:46  Gateway  
  77  7:52  Probe  
  78  8:09  Pylon  
  78  8:14  Pylon  
  78  8:31  Zealot x4  
  78  8:32  Zealot  
  88  9:03  Immortal  
  88  9:12  Charge  
  86  9:24  Protoss Ground Weapons Level 2  
  51  9:44  Stalker  
  51  9:45  Stalker x4  
  53  9:46  Stalker x3  
  61  9:58  Photon Cannon  
  61  10:02  Photon Cannon  
  61  10:06  Photon Cannon  
  51  10:17  Zealot x5  
  55  10:27  Stalker x3  
  47  10:36  Photon Cannon  
  44  10:45  Stalker  
  44  10:46  Stalker  
  44  10:56  Zealot x3  
  39  10:58  Zealot  
  27  11:17  Sentry  
  27  11:18  Stalker  
  29  11:35  Stalker  
Tags
 
League
Bronze
Matchup
PvP
Spawn Locations
Cross Positions
Add a new tag
Caveats
  • Supply blocks, unpowered buildings, or Contaminate may cause inaccurate times.
  • Supply counts are checked every 10 seconds.